 Dungeon Crawl Stone Soup version 0.26-a0-778-g3fe0686644 (console) character file.

Game seed: 11656575424663016263

94 om the Covered (level 4, -3/40 HPs)
             Began as a Minotaur Fighter on Nov 10, 2020.
             Was an Initiate of Nemelex Xobeh.
             Killed from afar by an orc wizard (6 damage)
             ... with a magic dart
             ... on level 3 of the Dungeon.
             The game lasted 00:02:16 (1769 turns).

om the Covered (Minotaur Fighter)                   Turns: 1769, Time: 00:02:17

Health: -3/40      AC:  7    Str: 20    XL:     4   Next: 38%
Magic:  3/3        EV:  8    Int:  5    God:    Nemelex Xobeh [......]
Gold:   111        SH:  9    Dex: 11    Spells: 3/3 levels left

rFire    . . .     SeeInvis .   a - +0 war axe
rCold    . . .     Faith    .   c - +0 kite shield
rNeg     . . .     Spirit   .   b - +0 scale mail
rPois    .         Reflect  .   (helmet restricted)
rElec    .         Harm     .   (no cloak)
rCorr    .         Rampage  .   (no gloves)
MR       .....                  (no boots)
Stlth    +.........             (no amulet)
HPRegen  0.13/turn              k - ring of stealth
MPRegen  0.08/turn              (no ring)

@: no status effects
A: retaliatory headbutt, horns 2
a: Draw Escape, Draw Destruction, Draw Summoning, Renounce Religion


You were on level 3 of the Dungeon.
You worshipped Nemelex Xobeh.
Nemelex Xobeh was noncommittal.
You visited 1 branch of the dungeon, and saw 3 of its levels.

You collected 111 gold pieces.

Inventory:

Hand Weapons
 a - a +0 war axe (weapon)
Armour
 b - a +0 scale mail (worn)
 c - a +0 kite shield (worn)
 g - a +0 tower shield
Jewellery
 k - a ring of stealth (left hand)
Scrolls
 f - 6 scrolls of identify {unknown}
 h - a scroll of enchant weapon {unknown}
 m - a scroll of magic mapping {unknown}
 n - a scroll of amnesia {unknown}
Potions
 d - 2 potions of might
 e - 4 potions of curing
 i - a potion of haste {unknown}
 j - a potion of heal wounds {unknown}
 l - 3 potions of degeneration {unknown}


   Skills:
 - Level 4.0 Fighting
 * Level 3.9 Axes
 - Level 4.0 Armour
 * Level 2.4 Dodging
 - Level 4.0 Shields


You had 3 spell levels left.
You didn't know any spells.
Your spell library was empty.

Dungeon Overview and Level Annotations

Branches:
Dungeon (3/15)

Altars:
Nemelex Xobeh


Innate Abilities, Weirdness & Mutations

You reflexively headbutt those who attack you in melee.
You have a pair of horns on your head.


Message History

Something hits you but does no damage. The orc wizard barely misses you.
You bump into the rock wall.
You hear some strange, mumbled words.
A puff of flame appears from out of thin air!
The puff of flame hits you!
* * * LOW HITPOINT WARNING * * *
The orc wizard barely misses you.
You closely miss something. You closely miss the orc wizard.
You hear some strange, mumbled words.
A magic dart appears from out of thin air!
The magic dart hits you.
* * * LOW HITPOINT WARNING * * *
The orc wizard barely misses you.
You bump into the rock wall.
You feel less confused. Something hits you but does no damage.
The orc wizard gestures at you while chanting.
The magic dart hits you.
You die...
Your body disappears without a glow.

### .>. #.# #.# #.
#.# ##...###@#
......oo{##########
.#..####...<.......
#.####.##### #.# ..
... ## ####


You could see an orc wizard and an orc.

Vanquished Creatures
  4 adders (D:2)
  3 worms (D:2)
  2 dart slugs
  A leopard gecko (D:2)
  2 orcs (D:3)
  4 bats
  2 giant cockroaches (D:2)
  4 goblins
  4 hobgoblins
  4 jackals (D:2)
  A ball python (D:2)
  3 frilled lizards
  5 kobolds (D:2)
  7 rats
46 creatures vanquished.

Notes
Turn   | Place    | Note
-------+----------+-------------------------------------------
     0 | D:1      | om the Minotaur Fighter began the quest for the Orb.
     0 | D:1      | Reached XP level 1. HP: 19/19 MP: 0/0
   444 | D:1      | Reached XP level 2. HP: 27/27 MP: 1/1
   762 | D:2      | Reached skill level 1 in Dodging
   879 | D:2      | Reached XP level 3. HP: 32/33 MP: 2/2
  1290 | D:2      | Reached XP level 4. HP: 30/40 MP: 3/3
  1511 | D:2      | Found a sparkling altar of Nemelex Xobeh.
  1728 | D:2      | Became a worshipper of Nemelex Xobeh the Trickster
  1769 | D:3      | Killed from afar by an orc wizard

Illustrated notes

Levels and vault maps discovered:
D:1:      dpeg_arrival_simpleton_c, layout_basic, serial_bayou_pond_d
D:2:      layout_loops_corners, nemelex_xobeh_ov_fountains_minmay
D:3:      layout_loops_ring, nicolae_overflow_hidden_temple,
          chequers_temple_overflow_statue_of_worship, gammafunk_ghost_stat_death

Skill      XL: |  1  2  3 |
---------------+----------+-----
Dodging        | 1 2 |  2.4
Axes           | 3 |  3.9
Fighting       | 4 |  4.0
Armour         | 4 |  4.0
Shields        | 4 |  4.0

Action                   |  1- 3 |  4- 6 || total
-------------------------+-------+-------++-------
Melee: War axe           |    73 |    38 ||   111
       Headbutt          |    10 |     2 ||    12
Armor: Scale mail        |    27 |    20 ||    47
Dodge: Dodged            |    22 |    11 ||    33
Block: Kite shield       |    30 |    24 ||    54

Table legend: (Time is in decaauts)
 A = Elapsed time spent in this place.
 B = Non-inter-level travel time spent in this place.
 C = Inter-level travel time spent in this place.
 D = Time resting spent in this place.
 E = Time spent auto-exploring this place.
 F = Levels seen in this place.
 G = Mean time per level.
                   A        B        C        D        E       F      G
               +--------+--------+--------+--------+--------+-----+--------+
         Total |   1815 |   1748 |     67 |     67 |   1369 |   3 |  605.0 |
       Dungeon |   1815 |   1748 |     67 |     67 |   1369 |   3 |  605.0 |
               +--------+--------+--------+--------+--------+-----+--------+

Top non-repeatable levels by time:
     D:2: 1034 daAuts
     D:1: 750 daAuts
     D:3: 31 daAuts
